 Dungeon Crawl Stone Soup version 0.31-a0-232-gb1c03b2570 (webtiles) character file.

Game seed: 6484241632804475838

56 qw the Shooter (level 3, -3/21 HPs)
             Began as a Gargoyle Hexslinger on July 6, 2023.
             Slain by a hound (5 damage)
             ... on level 2 of the Dungeon.
             The game lasted 00:00:27 (1726 turns).

qw the Shooter (Gargoyle Hexslinger)                Turns: 1726, Time: 00:00:27

Health: -3/21      AC:  5    Str: 11    XL:     3   Next: 95%
Magic:  4/4        EV: 12    Int: 13    God:
Gold:   81         SH:  0    Dex: 14    Spells: 3/4 levels left

rFire   . . .        Y - +2 sling
rCold   . . .        (no shield)
rNeg    + . .        c - +0 robe
rPois   inf          (no helmet)
rElec   +            (no cloak)
rCorr   .            (no gloves)
SInv    .            (no boots)
Will    .....        (no amulet)
Stlth   +            (no ring)
HPRegen 0.23/turn    (no ring)
MPRegen 0.09/turn

%: no passive effects
@: about to teleport
A: sickness immunity, AC +3, negative energy resistance 1, electricity
resistance, torment resistance 1, petrification resistance
a: no special abilities


You were on level 2 of the Dungeon.
You visited 1 branch of the dungeon, and saw 2 of its levels.

You collected 81 gold pieces.


Innate Abilities, Weirdness & Mutations

You are immune to sickness and miasma.
Your stone body is resilient. (AC +3)
You are immune to poison.
You resist negative energy. (rN+)
You are resistant to electric shocks. (rElec)
You are resistant to unholy torment.
You are immune to petrification.


   Skills:
 - Level 2.0 Fighting
 + Level 3.7 Ranged Weapons
 - Level 1.5 Dodging
 - Level 1.0 Spellcasting
 - Level 2.6 Hexes


You had 3 spell levels left.
You knew the following spells:

 Your Spells              Type           Power      Damage    Failure   Level
a - Slow                  Hex            28%        N/A       10%         1

Your spell library contained the following spells:

 Spells                   Type           Power      Damage    Failure   Level
 Inner Flame              Hex/Fire       4%         N/A       43%         3
 Portal Projectile        Hex/Tloc       8%         N/A       43%         3
 Cause Fear               Hex            3%         N/A       67%         4

Inventory:

Hand Weapons
 Y - a +2 sling (weapon)
Armour
 b - a +0 leather armour
 c - a +0 robe (worn)
Scrolls
 a - a scroll of enchant armour {unknown}
 f - a scroll of identify
 g - a scroll of brand weapon {unknown}
Potions
 d - a potion of degeneration {unknown}
 h - a potion of curing {unknown}
 i - a potion of haste {unknown}

Dungeon Overview and Level Annotations

Branches:
Dungeon (2/15)

Altars:


Message History

Enter note:
Enter note:
Enter note:
Enter note:
Enter note:
Enter note:
Enter note:
Enter note:
Enter note: You shoot a sling bullet.
The sling bullet closely misses the hound.
The hound bites you but does no damage. The hound bites you.
You shoot a sling bullet. The sling bullet misses the hound.
The hound bites you. The hound closely misses you.
You shoot a sling bullet. The sling bullet hits the hound.
The hound is lightly wounded.
The hound bites you but does no damage. The hound bites you.
You shoot a sling bullet.
The sling bullet barely misses the hound.
The hound bites you.
You shoot a sling bullet.
The sling bullet barely misses the hound.
The hound bites you but does no damage. x2
You shoot a sling bullet.
The sling bullet barely misses the hound.
The hound bites you. The hound barely misses you.
You shoot a sling bullet.
The sling bullet barely misses the hound.
The hound bites you. The hound bites you but does no damage.
You shoot a sling bullet. The sling bullet hits the hound.
The hound is lightly wounded.
The hound bites you but does no damage. The hound bites you.
1725 ||| READING scroll of teleportation.
As you read the scroll of teleportation, it crumbles to dust.
You feel strangely unstable. The hound bites you but does no damage.
You shoot a sling bullet.
The sling bullet barely misses the hound.
The hound bites you but does no damage. The hound bites you.
You die...

..######....### #.....<##.#####
#.# #.....# #.............#
..#####.....#######......##.###.#
.....%...........####.#####.# #.#
################.......# #.# #.#
.......)...# #........ ..# #.#
##########.# #.......## ### #.#
##........# #.h.....# #.#
#.........# #@# #.# #..######.#
#.# #.# #..# #.# #.# #.# #..# #.#
#.# #.# #..# #.# #.# #.# #..# #.#
#.# #.# ##..# #.# #.# #######.#
....# #.# #.# #....%..# ....# #.#
#.# #.#######


You could see a hound.

Vanquished Creatures
  2 adders (D:2)
  A worm (D:2)
  2 dart slugs
  4 ball pythons
  3 bats
  2 endoplasms
  A giant cockroach (D:1)
  A goblin (D:1)
  A hobgoblin (D:1)
  5 kobolds
  3 quokkas
  5 rats
30 creatures vanquished.

Notes
Turn   | Place    | Note
-------+----------+-------------------------------------------
     0 | D:1      | qw the Gargoyle Hexslinger began the quest for the Orb.
     0 | D:1      | Reached XP level 1. HP: 12/12 MP: 2/2
     0 | D:1      | 0 ||| qw: Version: 0.3-a-46-gb1f654a
     0 | D:1      | 0 ||| qw: Game counter: 1938
     0 | D:1      | 0 ||| qw: Melee chars always use a shield: true
     0 | D:1      | 0 ||| qw: God list: Okawaru
     0 | D:1      | 0 ||| qw: Allow faded altars: false
     0 | D:1      | 0 ||| qw: Do Orc after clearing Dungeon:15 true
     0 | D:1      | 0 ||| qw: Do second Lair branch before Depths: true
     0 | D:1      | 0 ||| qw: Lair rune preference: random
     0 | D:1      | 0 ||| qw: Goals: Normal
     0 | D:1      | 0 ||| PLANNING D:1-11
   159 | D:1      | Found a faded altar of an unknown god.
   189 | D:1      | Reached XP level 2. HP: 16/16 MP: 3/3
   398 | D:1      | Reached skill level 3 in Ranged Weapons
   889 | D:1      | 889 ||| READING scroll labelled HENTYGRY BILAD.
   890 | D:1      | 890 ||| READING scroll labelled YKUASUORRE.
   895 | D:1      | 895 ||| READING 2 scrolls labelled IRAUB FYACUGAD.
   896 | D:1      | 896 ||| READING scroll labelled QUILUO ZELUR.
   897 | D:1      | 897 ||| DROPPING scroll of poison.
  1054 | D:2      | Reached XP level 3. HP: 21/21 MP: 4/4
  1724 | D:2      | HP: 2/21 [hound (4)]
  1725 | D:2      | 1725 ||| READING scroll of teleportation.
  1726 | D:2      | Slain by a hound

Levels and vault maps discovered:
D:1:      lightli_arrival_farm, layout_basic,
          shapermc_ecumenical_altar_starsandcircs
D:2:      layout_basic

Skill      XL: |  1  2 |
---------------+-------+-----
Ranged Weapons | 3 |  3.7
Fighting       | 2 |  2.0
Dodging        | |  1.5
Spellcasting   | |  1.0
Hexes          | |  2.6

Action                     || total
---------------------------++-------
   Fire: Sling             ||    97
    Use: Scroll            ||     5
 Armour: Robe              ||    16
  Dodge: Dodged            ||    22

Table legend:
 A = Non-vault XP
 B = Vault XP
 C = Vault XP percentage of total XP
 D = Non-vault monster count
 E = Vault monster count
 F = Vault count percentage of total count
                 A         B        C        D         E       F
            +---------+---------+-------+---------+---------+-------
      Total |      80 |       0 |   0.0 |      30 |       0 |   0.0
            +---------+---------+-------+---------+---------+-------
        D:1 |      29 |       0 |   0.0 |      15 |       0 |   0.0
        D:2 |      51 |       0 |   0.0 |      15 |       0 |   0.0
            +---------+---------+-------+---------+---------+-------
